 Dungeon Crawl Stone Soup version 0.32-a0-42-ga30500b4d3 (webtiles) character file.

Game seed: 7442801970318950948

1379 jlumianski the Grappler (level 8, -4/56 (61) HPs)
             Began as a Gnoll Shapeshifter on Jan 27, 2024.
             Slain by a wight
             ... wielding a +4 halberd of freezing
              (5 damage)
             ... on level 4 of the Dungeon on Feb 2, 2024.
             The game lasted 00:23:26 (4717 turns).

jlumianski the Grappler (Gnoll Shapeshifter)        Turns: 4717, Time: 00:23:29

HP:   -4/56 (61)    AC:  6    Str: 22    XL:     8   Next: 66%
MP:   0/13          EV: 12    Int:  9    God:
Gold: 144           SH:  0    Dex: 12    Spells: 14/14 levels left

rFire   . .          .
                       - Unarmed
rCold   . . .        (no shield)
rNeg    . . .        L - +0 scale mail
rPois   +            (helmet currently unavailable)
rElec   .            (cloak currently unavailable)
rCorr   .            (gloves currently unavailable)
SInv    .            (boots currently unavailable)
Will    .....        u - amulet of guardian spirit
Stlth   +            z - ring of poison resistance
HPRegen 0.29/turn    s - +6 ring of strength
MPRegen 0.13/turn

%: guardian spirit
@: beast-form, studying 2 skills, drained
A: beast (slay +4), fangs 1, strong nose, distributed training
a: Begin Untransformation


You were on level 4 of the Dungeon.
You were a hulking beast.
You visited 1 branch of the dungeon, and saw 6 of its levels.

You collected 364 gold pieces.
You spent 220 gold pieces at shops.

Inventory:

Hand Weapons
 i - a +1 sling of freezing
 v - a +2 short sword of electrocution
Missiles
 F - 3 poisoned darts (quivered)
Armour
 a - a +0 animal skin
 g - a +0 kite shield
 j - a +0 helmet
 w - a +0 helmet
 y - a +0 ring mail
 G - the +0 pair of boots "Baxyvasi" {*Corrode rPois rF++}
   (You found it on level 5 of the Dungeon)

   rF++:      It greatly protects you from fire.
   rPois:     It protects you from poison *Corrode: It may corrode you when you
   take damage.
 L - a +0 scale mail (worn)
Jewellery
 h - a ring of positive energy
 s - a +6 ring of strength (right hand)
 u - an amulet of guardian spirit (around neck)
 z - a ring of poison resistance (left hand)
 C - a ring of protection from fire
 D - a ring of positive energy
Talismans
 c - a beast talisman
 d - a flux talisman
 r - a blade talisman
Wands
 n - a wand of flame (19)
Scrolls
 e - a scroll of torment {unknown}
 l - a scroll of revelation
 t - 2 scrolls of teleportation
 x - a scroll of vulnerability {unknown}
 B - a scroll of blinking {unknown}
 E - 2 scrolls of fear {unknown}
 H - a scroll of enchant weapon {unknown}
 I - a scroll of amnesia {unknown}
 N - a scroll of brand weapon {unknown}
Potions
 b - 3 potions of lignification
 f - a potion of attraction
 k - a potion of might
 m - a potion of haste
 o - 2 potions of enlightenment {unknown}
 p - 2 potions of curing {unknown}
 q - a potion of brilliance
 A - a potion of degeneration
 J - a potion of resistance
 K - a potion of mutation {unknown}


   Skills:
 + Level 4.5 Fighting
 + Level 3.6 Short Blades
 + Level 3.6 Long Blades
 + Level 3.6 Axes
 + Level 3.6 Maces & Flails
 + Level 3.6 Polearms
 + Level 3.6 Staves
 + Level 3.6 Ranged Weapons
 + Level 3.6 Throwing
 + Level 3.6 Armour
 + Level 5.9 Dodging
 + Level 3.6 Stealth
 + Level 3.6 Shields
 + Level 8.4 Unarmed Combat
 + Level 3.6 Spellcasting
 + Level 3.0 Conjurations
 + Level 3.0 Hexes
 + Level 3.0 Summonings
 + Level 3.0 Necromancy
 + Level 3.0 Translocations
 + Level 3.0 Fire Magic
 + Level 3.0 Ice Magic
 + Level 3.0 Air Magic
 + Level 3.0 Earth Magic
 + Level 3.0 Alchemy
 + Level 4.0 Invocations
 + Level 3.6 Evocations
 + Level 8.1 Shapeshifting


You had 14 spell levels left.
You didn't know any spells.
Your spell library contained the following spells:

 Spells                   Type           Power      Damage    Failure   Level
 Mercury Vapours          Alch/Air       14%        N/A       32%         2
 Mephitic Cloud           Conj/Alch/Air  7%         N/A       54%         3
 Freezing Cloud           Conj/Ice/Air   3%         6-21      99%         5


Dungeon Overview and Level Annotations

Branches:
Dungeon (6/15)
 Temple: D:4-7

Altars:
Vehumet

Shops:
D:1 =


Innate Abilities, Weirdness & Mutations

You are a hulking beast.
Your limbs bulge with bestial killing power. (Slay +4)
You have very sharp teeth.
Your uncanny sense of smell can sniff out nearby items.
Your experience applies equally to all skills.


Message History

You punch the wight!
You destroy the wight!
Your Conjurations skill increases to level 3!
Your Hexes skill increases to level 3!
Your Summonings skill increases to level 3!
Your Necromancy skill increases to level 3!
Your Translocations skill increases to level 3!
Your Fire Magic skill increases to level 3!
Your Ice Magic skill increases to level 3!
Your Air Magic skill increases to level 3!
Your Earth Magic skill increases to level 3!
Your Alchemy skill increases to level 3!
Your Invocations skill increases to level 4!
Unknown command.
Things that are here:
a +0 morningstar; a +0 robe
There is a stone staircase leading down here.
You climb downwards.
The wight hits you with a +4 halberd of freezing!
The wight freezes you.
The wight hits you with a +4 halberd of freezing!
You feel drained. The wight freezes you.
There is a stone staircase leading up here.
The wight hits you with a +4 halberd of freezing!
The wight freezes you!
* * * LOW HITPOINT WARNING * * *
You climb upwards.
There is a stone staircase leading down here.
You closely miss the wight. Your bite misses the wight.
The wight barely misses you.
You hit the wight.
The wight is moderately damaged.
You hit the wight.
The wight is heavily damaged.
The wight hits you with a +4 halberd of freezing!
* * * LOW HITPOINT WARNING * * *
You feel drained.
* * * LOW HITPOINT WARNING * * *
The wight freezes you.
You die...

#####.#.#..........# #.#
#.................# #.#
#.##.#.#.##.......####.######
#.##.#.#....................#
#.##.#.#...#......####.###.##
#.##...##..#......##.....#.#
#..........#......##.#.#.#.#
##.........##...[..##.#.#.#.#
................h...#.#.#.#.#
###.........#...z...#.#.#.#.#
#########..##.......#.......#
..# #...###.......###.#.###
..# #.#...........# #.#.#
..#####.#####.......###.#.##
..##....# #.......#.....<#
..##.########.#####.#.#.##.#
..##..........# #.#.#<##.#


You could see a wight.

Vanquished Creatures
  Pikel (D:3)
  Grinder (D:3)
  Sigmund (D:4)
  A steam dragon (D:6)
  A phantom (D:5)
  A wight (D:4)
  A sleepcap (D:4)
  An orc wizard (D:5)
  Ijyb (D:3)
  3 iguanas
  7 gnolls
  An adder (D:3)
  2 dart slugs
  2 ribbon worms (D:2)
  9 orcs
  5 ball pythons
  5 endoplasms
  4 giant cockroaches
  8 hobgoblins
  A quokka (D:3)
  4 bats
  7 frilled lizards
  3 goblins
  5 kobolds
  2 rats
77 creatures vanquished.

Notes
Turn   | Place    | Note
-------+----------+-------------------------------------------
     0 | D:1      | jlumianski the Gnoll Shapeshifter began the quest for the
                  | Orb.
     0 | D:1      | Reached XP level 1. HP: 17/17 MP: 1/1
   142 | D:1      | You fall into a shaft and drop 1 floor!
   316 | D:1      | Reached XP level 2. HP: 13/23 MP: 2/2
   422 | D:1      | Found Otuybren's Jewellery Shoppe.
   879 | D:2      | Reached XP level 3. HP: 10/28 MP: 3/3
  1275 | D:2      | Reached skill level 1 in Invocations
  1674 | D:3      | Reached skill level 1 in Short Blades
  1674 | D:3      | Reached skill level 1 in Long Blades
  1674 | D:3      | Reached skill level 1 in Axes
  1674 | D:3      | Reached skill level 1 in Maces & Flails
  1674 | D:3      | Reached skill level 1 in Polearms
  1674 | D:3      | Reached skill level 1 in Staves
  1674 | D:3      | Reached skill level 1 in Ranged Weapons
  1674 | D:3      | Reached skill level 1 in Throwing
  1674 | D:3      | Reached skill level 1 in Armour
  1674 | D:3      | Reached skill level 1 in Stealth
  1674 | D:3      | Reached skill level 1 in Shields
  1674 | D:3      | Reached skill level 1 in Spellcasting
  1674 | D:3      | Reached skill level 1 in Evocations
  1807 | D:3      | Reached XP level 4. HP: 34/34 MP: 5/5
  1847 | D:3      | Found a radiant altar of Vehumet.
  2206 | D:3      | Noticed Ijyb
  2264 | D:4      | Noticed Sigmund
  2265 | D:4      | Identified 2 scrolls of acquirement
  2265 | D:4      | Acquired a manual of Shapeshifting
  2267 | D:4      | Acquired a manual of Unarmed Combat
  2279 | D:3      | Killed Ijyb
  2280 | D:3      | Reached skill level 1 in Conjurations
  2280 | D:3      | Reached skill level 1 in Hexes
  2280 | D:3      | Reached skill level 1 in Summonings
  2280 | D:3      | Reached skill level 1 in Necromancy
  2280 | D:3      | Reached skill level 1 in Translocations
  2280 | D:3      | Reached skill level 1 in Fire Magic
  2280 | D:3      | Reached skill level 1 in Ice Magic
  2280 | D:3      | Reached skill level 1 in Air Magic
  2280 | D:3      | Reached skill level 1 in Earth Magic
  2280 | D:3      | Reached skill level 1 in Alchemy
  2470 | D:1      | Bought a ring of poison resistance for 220 gold pieces
  2677 | D:3      | Noticed Grinder
  2678 | D:3      | Paralysed by Grinder for 4 turns
  2689 | D:3      | Paralysed by Grinder for 4 turns
  2695 | D:3      | Killed Grinder
  2696 | D:3      | Reached skill level 5 in Dodging
  2696 | D:3      | Reached XP level 5. HP: 22/41 MP: 3/8
  2696 | D:3      | Reached XP level 6. HP: 26/47 MP: 3/9
  2974 | D:5      | Entered Level 5 of the Dungeon
  3014 | D:4      | Noticed Pikel
  3050 | D:3      | Killed Pikel
  3051 | D:3      | Reached XP level 7. HP: 10/53 MP: 2/11
  3675 | D:4      | Killed Sigmund
  3676 | D:4      | Reached XP level 8. HP: 52/60 MP: 9/12
  3844 | D:5      | Identified the +0 pair of boots "Baxyvasi" {*Corrode rPois
                  | rF++}
  4717 | D:4      | HP: 1/56 [wight/+4 halberd of freezing (4)]
  4717 | D:4      | Slain by a wight

Illustrated notes

Levels and vault maps discovered:
D:1:      dpeg_arrival_simpleton_c, layout_basic, serial_shops, shop_fountains
D:2:      layout_basic, minmay_pentomino_p2
D:3:      layout_basic, mainiacjoe_overflow_catwalk, uniq_ijyb, uniq_grinder
D:4:      layout_basic, uniq_pikel, uniq_sigmund
D:5:      layout_basic
D:6:      layout_gridville, minmay_temple_entry_nine_rooms, minmay_statues_item,
          mrwooster_statue_mirror

Skill      XL: |  1  2  3  4  5  6  7  8 |
---------------+-------------------------+-----
Invocations    | 1 2 3 4 |  4.0
Short Blades   | 1 2 3 |  3.6
Long Blades    | 1 2 3 |  3.6
Axes           | 1 2 3 |  3.6
Maces & Flails | 1 2 3 |  3.6
Polearms       | 1 2 3 |  3.6
Staves         | 1 2 3 |  3.6
Ranged Weapons | 1 2 3 |  3.6
Throwing       | 1 2 3 |  3.6
Armour         | 1 2 3 |  3.6
Stealth        | 1 2 3 |  3.6
Shields        | 1 2 3 |  3.6
Spellcasting   | 1 2 3 |  3.6
Evocations     | 1 2 3 |  3.6
Conjurations   | 1 2 3 |  3.0
Hexes          | 1 2 3 |  3.0
Summonings     | 1 2 3 |  3.0
Necromancy     | 1 2 3 |  3.0
Translocations | 1 2 3 |  3.0
Fire Magic     | 1 2 3 |  3.0
Ice Magic      | 1 2 3 |  3.0
Air Magic      | 1 2 3 |  3.0
Earth Magic    | 1 2 3 |  3.0
Alchemy        | 1 2 3 |  3.0
Fighting       | 3 4 |  4.5
Dodging        | 5 |  5.9
Unarmed Combat | 7 8 |  8.4
Shapeshifting  | 7 8 |  8.1

Action                     |  1- 3 |  4- 6 |  7- 9 || total
---------------------------+-------+-------+-------++-------
  Melee: Unarmed           |    65 |    29 |    71 ||   165
         Bite              |     5 |     2 |     4 ||    11
         Punch             |     3 |     2 |     4 ||     9
   Fire: Sling             |    28 |    10 |     9 ||    47
    Use: Potion            |     3 |     1 |       ||     4
         Scroll            |     1 |     3 |     4 ||     8
   Stab: Sleeping          |     1 |       |       ||     1
 Armour: Animal skin       |    43 |     2 |       ||    45
         Ring mail         |       |    11 |    18 ||    29
         Skin              |       |     4 |       ||     4
         Scale mail        |       |       |    17 ||    17
  Dodge: Dodged            |    43 |    11 |    46 ||   100

Table legend: (Time is in decaauts)
 A = Elapsed time spent in this place.
 B = Non-inter-level travel time spent in this place.
 C = Inter-level travel time spent in this place.
 D = Time resting spent in this place.
 E = Time spent auto-exploring this place.
 F = Levels seen in this place.
 G = Mean time per level.
                   A        B        C        D        E       F      G
               +--------+--------+--------+--------+--------+-----+--------+
         Total |   4722 |   4484 |    238 |    354 |   1976 |   6 |  787.0 |
       Dungeon |   4722 |   4484 |    238 |    354 |   1976 |   6 |  787.0 |
               +--------+--------+--------+--------+--------+-----+--------+

Top non-repeatable levels by time:
     D:3: 1433 daAuts
     D:1: 845 daAuts
     D:2: 791 daAuts
     D:5: 781 daAuts
     D:4: 737 daAuts
     D:6: 134 daAuts
